Map: Одиссея РВ

Players

ИИ 1 (ученик) - Winner!

  • Race: Terran Terran
  • Spawn Location: 5:00

Doll

  • Race: Zerg Zerg
  • Spawn Location: 11:00

VOD

Have the link to the VOD?

Description

Time

  • Played on: Sept. 10, 2022, 7:28 a.m.
  • Length: 10:42
Show
View Real Time Build Order
Export as new Build Order

ИИ 1 (ученик) Terran - Winner!

Build Orders:  

Get SALT Encoding   

  12  0:00  SCV  
  13  0:13  SCV  
  14  0:19  Supply Depot  
  14  0:25  SCV  
  15  0:40  SCV  
  16  0:44  Barracks  
  16  0:46  Refinery  
  16  1:10  Supply Depot  
  16  1:20  Refinery  
  16  1:30  Marine  
  16  1:32  Orbital Command  
  17  1:49  Barracks Tech Lab  
  17  2:07  Marine  
  18  2:13  Supply Depot  
  18  2:14  SCV  
  19  2:26  SCV  
  19  2:29  Marine  
  21  2:38  SCV  
  22  2:50  SCV  
  23  2:52  Marine  
  24  3:02  SCV  
  25  3:14  SCV  
  25  3:16  Marauder  
  28  3:39  Marauder  
  30  4:01  Marauder  
  32  6:44  SCV  
  32  6:45  Marine  
  34  6:47  Supply Depot  
  34  6:54  Factory  
  34  6:55  Command Center  
  34  6:56  SCV  
  35  7:03  Marine  
  36  7:09  SCV  
  36  7:10  Supply Depot  
  37  7:21  Marine  
  28  7:38  Marine  
  28  7:41  Starport  
  29  7:56  Marine  
  30  8:07  SCV  
  30  8:12  SCV  
  32  8:15  Marauder, Refinery  
  32  8:17  Refinery  
  32  8:19  Starport Tech Lab, SCV  
  35  8:24  SCV  
  36  8:31  SCV  
  37  8:35  Marine  
  37  8:36  SCV  
  37  8:37  Raven  
  41  8:43  SCV  
  43  8:48  SCV  
  43  8:53  Marine  
  44  8:56  SCV  
  44  9:00  SCV  
  46  9:08  SCV  
  47  9:12  Marauder, SCV  
  50  9:20  Raven, SCV  
  53  9:24  SCV  
  54  9:32  Marine, SCV  
  54  9:36  SCV  
  57  9:44  SCV  
  58  9:49  SCV  
  58  9:51  Marauder  
  61  9:56  SCV  
  62  10:01  SCV  
  62  10:02  Supply Depot  
Show
View Real Time Build Order
Export as new Build Order

Doll Zerg 

Build Orders: Hatch First 

Get SALT Encoding   

  12  0:00  Drone  
  13  0:12  Overlord  
  13  0:17  Drone  
  14  0:43  Hatchery  
  14  0:49  Extractor  
  13  0:50  Drone  
  13  0:53  Drone  
  14  1:04  Drone x2  
  16  1:22  Spawning Pool  
  16  1:24  Drone  
  16  1:30  Drone  
  17  1:35  Drone  
  18  1:44  Drone  
  19  1:55  Drone  
  19  2:00  Drone  
  21  2:07  Drone x2  
  23  2:09  Metabolic Boost  
  23  2:12  Queen  
  25  2:21  Queen  
  27  2:24  Zergling x2  
  27  2:29  Overlord  
  28  2:49  Hatchery  
  27  2:56  Zergling x4  
  29  3:01  Drone  
  30  3:05  Spine Crawler  
  30  3:09  Drone, Zergling x2  
  30  3:10  Drone  
  30  3:11  Drone  
  33  3:23  Drone x3  
  33  3:25  Overlord  
  36  3:33  Extractor  
  35  3:39  Roach Warren  
  34  3:42  Lair  
  34  3:45  Drone  
  34  3:47  Drone  
  36  3:51  Drone  
  36  3:52  Drone  
  36  3:55  Drone  
  39  4:00  Drone x2  
  39  4:02  Drone  
  42  4:04  Drone  
  42  4:08  Drone  
  44  4:10  Drone  
  44  4:15  Overlord  
  45  4:19  Drone  
  45  4:21  Roach  
  45  4:22  Roach  
  50  4:26  Overlord  
  50  4:36  Roach x2  
  50  4:37  Roach  
  56  4:41  Roach  
  58  4:47  Roach x2  
  58  4:51  Overlord  
  62  4:55  Overseer  
  62  4:59  Roach  
  64  5:01  Roach  
  64  5:02  Overlord  
  64  5:04  Glial Reconstitution  
  66  5:11  Roach x2  
  66  5:14  Roach  
  72  5:16  Roach  
  72  5:17  Overlord  
  74  5:24  Hydralisk Den  
  74  5:26  Roach  
  74  5:27  Roach  
  77  5:31  Drone x4  
  81  5:38  Extractor  
  81  5:39  Extractor  
  81  5:40  Drone  
  81  5:41  Drone x2  
  82  5:45  Overseer  
  82  5:55  Drone x2  
  82  5:56  Drone x2  
  86  6:00  Hatchery, Pneumatized Carapace  
  86  6:02  Drone  
  86  6:11  Spine Crawler  
  86  6:15  Drone  
  86  6:16  Drone x2  
  86  6:17  Drone x2, Spine Crawler  
  89  6:21  Overlord  
  89  6:22  Overlord  
  89  6:27  Overlord  
  89  6:39  Drone, Spire  
  89  6:41  Drone x3  
  89  6:42  Drone x2  
  94  6:48  Overseer  
  94  6:51  Hydralisk x3  
  100  6:54  Hydralisk  
  100  7:00  Hydralisk x2  
  106  7:04  Hydralisk  
  106  7:07  Drone  
  106  7:08  Drone x2  
  111  7:14  Drone x2  
  111  7:15  Drone x2  
  115  7:22  Drone x2  
  117  7:29  Hydralisk  
  116  7:31  Overlord  
  116  7:34  Overlord  
  116  7:35  Extractor  
  116  7:36  Extractor  
  116  7:48  Infestation Pit  
  116  7:50  Hatchery  
  114  7:53  Drone x2  
  114  7:54  Drone x6  
  114  7:55  Drone  
  123  8:05  Hydralisk x2  
  123  8:06  Hydralisk x3  
  123  8:08  Hydralisk  
  123  8:10  Overlord  
  135  8:13  Overlord  
  135  8:15  Overseer  
  135  8:22  Overlord  
  135  8:25  Overseer  
  135  8:34  Hydralisk x3  
  135  8:36  Hatchery  
  135  8:40  Hydralisk x3  
  146  8:45  Drone x3  
  146  8:46  Drone  
  146  8:48  Drone  
  151  8:49  Drone  
  151  8:50  Drone  
  151  8:51  Drone  
  154  8:55  Hydralisk  
  154  8:56  Hydralisk  
  154  9:00  Overlord  
  154  9:01  Overlord  
  158  9:12  Hive  
  158  9:20  Hydralisk x5  
  158  9:22  Hydralisk  
  170  9:24  Hydralisk  
  170  9:26  Hydralisk  
  170  9:29  Hydralisk  
  176  9:31  Hydralisk  
  176  9:35  Overlord  
  176  9:37  Overlord  
  178  9:40  Overlord  
  178  9:42  Hydralisk  
  180  9:52  Evolution Chamber  
  180  9:55  Hydralisk x4  
  180  9:56  Hydralisk  
  180  9:59  Hydralisk  
  191  10:01  Hydralisk  
  191  10:04  Hydralisk  
  191  10:06  Hydralisk  
  195  10:09  Hydralisk  
Tags
 
Add a new tag
Caveats
  • Supply blocks, unpowered buildings, or Contaminate may cause inaccurate times.
  • Supply counts are checked every 10 seconds.